 Dungeon Crawl Stone Soup version 0.21.1-1-g345015f (webtiles) character file.

384 letownia2 the Charmwright (level 6, 0/51 HPs)
             Began as a Gnoll Skald on Feb 27, 2018.
             Killed from afar by an orc wizard (9 damage)
             ... with a puff of flame
             ... on level 5 of the Dungeon.
             The game lasted 00:07:38 (1136 turns).

letownia2 the Charmwright (Gnoll Skald)             Turns: 1136, Time: 00:07:40

Health: 0/51       AC:  4    Str: 13    XL:     6   Next: 77%
Magic:  0/14       EV: 14    Int: 17    God:
Gold:   75         SH:  0    Dex: 15    Spells: 4/15 levels left

rFire    . . .     SeeInvis .   a - +0 spear
rCold    . . .     Gourm    .   (no shield)
rNeg     . . .     Faith    .   b - +0 leather armour
rPois    .         Spirit   .   r - +0 helmet
rElec    .         Reflect  .   (no cloak)
rCorr    .         Harm     +   (no gloves)
MR       .....                  (no boots)
Stlth    ++........             s - amulet of harm
HPRegen  0.17/turn              (no ring)
MPRegen  0.14/turn              (no ring)

@: shrouded, very slightly contaminated
A: distributed training, fangs 1, strong nose
a: no special abilities


You were on level 5 of the Dungeon.
You were hungry.

You visited 1 branch of the dungeon, and saw 5 of its levels.

You collected 75 gold pieces.

Inventory:

Hand Weapons
 a - a +0 spear (weapon)
 j - a +0 trident
Missiles
 e - 71 bolts
 k - 45 arrows
Armour
 b - a +0 leather armour (worn)
 m - a +0 ring mail
 r - a +0 helmet (worn)
Jewellery
 s - an amulet of harm (around neck)
Scrolls
 f - 2 scrolls of identify {unknown}
 g - 2 scrolls of blinking {unknown}
 h - 2 scrolls of amnesia {unknown}
 l - 2 scrolls of teleportation {unknown}
 n - a scroll of enchant armour {unknown}
 o - a scroll of immolation {unknown}
 q - a scroll of magic mapping {unknown}
Potions
 i - 2 potions of curing
 p - a potion of might {unknown}
Books
 c - a book of Battle

   Spells                             Type                      Level
   a - Infusion                       Charms                       1
   b - Shroud of Golubria             Charms/Translocation         2
   c - Song of Slaying                Charms                       2
   d - Spectral Weapon                Hexes/Charms                 3
   e - Regeneration                   Charms/Necromancy            3
Comestibles
 d - 8 rations


   Skills:
 + Level 5.0 Fighting
 + Level 2.0 Short Blades
 + Level 2.0 Long Blades
 + Level 2.0 Axes
 + Level 2.0 Maces & Flails
 + Level 5.0 Polearms
 + Level 2.0 Staves
 + Level 2.0 Slings
 + Level 2.0 Bows
 + Level 2.0 Crossbows
 + Level 2.0 Throwing
 + Level 3.3 Armour
 + Level 5.0 Dodging
 + Level 2.0 Stealth
 + Level 2.0 Shields
 + Level 2.0 Unarmed Combat
 + Level 5.4 Spellcasting
 + Level 1.6 Conjurations
 + Level 1.6 Hexes
 + Level 5.7 Charms
 + Level 1.6 Summonings
 + Level 1.6 Necromancy
 + Level 1.6 Translocations
 + Level 1.6 Transmutations
 + Level 1.6 Fire Magic
 + Level 1.6 Ice Magic
 + Level 1.6 Air Magic
 + Level 1.6 Earth Magic
 + Level 1.6 Poison Magic
 + Level 2.2 Invocations
 + Level 2.0 Evocations


You had 4 spell levels left.
You knew the following spells:

 Your Spells              Type           Power        Failure   Level  Hunger
a - Infusion              Chrm           ###.         1%          1    None
g - Regeneration          Chrm/Necr      ###.......   12%         3    ##.....
l - Song of Slaying       Chrm           ###.....     2%          2    #......
t - Shroud of Golubria    Chrm/Tloc      ###.......   6%          2    #......
x - Spectral Weapon       Hex/Chrm       ###.....     12%         3    ##.....


Dungeon Overview and Level Annotations

Branches:
Dungeon (5/15)
 Temple: D:4-7

Altars:
Ru
Sif Muna

Shops:
D:4 :

Annotations:
D:3 Xelenos's ghost, amateur MiMo


Innate Abilities, Weirdness & Mutations

Your experience applies equally to all skills.
You have very sharp teeth.
Your uncanny sense of smell can sniff out nearby items.


Message History

Attack whom?
Press: ? - help, Dir - move target cursor, f/p - orc wizard
Aim: an orc wizard, wielding a dagger and wearing a robe (almost dead)
You hit the orc wizard.
You kill the orc wizard!
Unknown command.
Unknown command.
Attack whom?
Press: ? - help, Dir - move target cursor, f - orc wizard
Aim: an orc wizard, wielding a dagger and wearing a robe You hit the orc wizard.
The orc wizard is moderately wounded.
Your shroud unravels.
Unknown command.
Casting: Spectral Weapon
Confirm with . or Enter, or press ? or * to list all spells.
Space distorts slightly along a thin shroud covering your body.
The orc wizard casts a spell at you. The puff of flame hits you!
You die... #.# #.# .o# #.# ... #.##### .o# #.##.. oo#

#.##.# ..#
######.##.# ..#
..........########).#
######......[...@oo.#
##############......
#####


You could see an orc wizard and an orc.

Vanquished Creatures
  Edmund (D:5)
  An orc priest (D:4)
  A hound (D:4)
  5 orc wizards
  2 worker ants (D:4)
  A worm (D:4)
  7 orcs
  3 giant cockroaches
  A ball python skeleton (D:4)
  A frilled lizard (D:2)
  A kobold (D:1)
  2 rats
26 creatures vanquished.

Notes
Turn   | Place    | Note
-------+----------+-------------------------------------------
     0 | D:1      | letownia2 the Gnoll Skald began the quest for the Orb.
     0 | D:1      | Reached XP level 1. HP: 20/20 MP: 6/6
   196 | D:3      | Noticed Xelenos's ghost (amateur MiMo)
   203 | D:3      | Found a sacrificial altar of Ru.
   238 | D:3      | Found a deep blue altar of Sif Muna.
   335 | D:5      | Entered Level 5 of the Dungeon
   335 | D:5      | Noticed a centaur
   335 | D:5      | Noticed a hound
   358 | D:4      | Reached XP level 2. HP: 6/26 MP: 7/7
   365 | D:4      | Learned a level 2 spell: Song of Slaying
   368 | D:4      | Learned a level 2 spell: Shroud of Golubria
   448 | D:4      | Reached skill level 5 in Spellcasting
   448 | D:4      | Reached XP level 3. HP: 15/31 MP: 2/9
   453 | D:4      | Learned a level 3 spell: Regeneration
   457 | D:4      | Learned a level 3 spell: Spectral Weapon
   498 | D:4      | Found Liorch's Book Shop.
   662 | D:4      | Reached skill level 1 in Short Blades
   662 | D:4      | Reached skill level 1 in Long Blades
   662 | D:4      | Reached skill level 1 in Axes
   662 | D:4      | Reached skill level 1 in Maces & Flails
   662 | D:4      | Reached skill level 1 in Staves
   662 | D:4      | Reached skill level 1 in Slings
   662 | D:4      | Reached skill level 1 in Bows
   662 | D:4      | Reached skill level 1 in Crossbows
   662 | D:4      | Reached skill level 1 in Throwing
   662 | D:4      | Reached skill level 1 in Stealth
   662 | D:4      | Reached skill level 1 in Shields
   662 | D:4      | Reached skill level 1 in Unarmed Combat
   662 | D:4      | Reached skill level 1 in Invocations
   662 | D:4      | Reached skill level 1 in Evocations
   662 | D:4      | Reached XP level 4. HP: 31/38 MP: 1/11
   762 | D:4      | Reached skill level 1 in Conjurations
   762 | D:4      | Reached skill level 1 in Hexes
   762 | D:4      | Reached skill level 1 in Summonings
   762 | D:4      | Reached skill level 1 in Necromancy
   762 | D:4      | Reached skill level 1 in Translocations
   762 | D:4      | Reached skill level 1 in Transmutations
   762 | D:4      | Reached skill level 1 in Fire Magic
   762 | D:4      | Reached skill level 1 in Ice Magic
   762 | D:4      | Reached skill level 1 in Air Magic
   762 | D:4      | Reached skill level 1 in Earth Magic
   762 | D:4      | Reached skill level 1 in Poison Magic
   762 | D:4      | Reached XP level 5. HP: 43/43 MP: 1/12
   946 | D:4      | Reached XP level 6. HP: 26/50 MP: 7/13
  1073 | D:5      | Noticed Edmund
  1111 | D:5      | HP: 1/50 [Edmund/flail of protection (3)]
  1112 | D:5      | Killed Edmund
  1112 | D:5      | Reached skill level 5 in Fighting
  1112 | D:5      | Reached skill level 5 in Polearms
  1112 | D:5      | Reached skill level 5 in Dodging
  1136 | D:5      | Killed from afar by an orc wizard

Skill      XL: |  1  2  3  4  5  6 |
---------------+-------------------+-----
Spellcasting   | 5 |  5.4
Short Blades   | 1 2 |  2.0
Long Blades    | 1 2 |  2.0
Axes           | 1 2 |  2.0
Maces & Flails | 1 2 |  2.0
Staves         | 1 2 |  2.0
Slings         | 1 2 |  2.0
Bows           | 1 2 |  2.0
Crossbows      | 1 2 |  2.0
Throwing       | 1 2 |  2.0
Stealth        | 1 2 |  2.0
Shields        | 1 2 |  2.0
Unarmed Combat | 1 2 |  2.0
Invocations    | 1 2 |  2.2
Evocations     | 1 2 |  2.0
Conjurations   | 1 |  1.6
Hexes          | 1 |  1.6
Summonings     | 1 |  1.6
Necromancy     | 1 |  1.6
Translocations | 1 |  1.6
Transmutations | 1 |  1.6
Fire Magic     | 1 |  1.6
Ice Magic      | 1 |  1.6
Air Magic      | 1 |  1.6
Earth Magic    | 1 |  1.6
Poison Magic   | 1 |  1.6
Armour         | 3 |  3.3
Fighting       | 5 |  5.0
Polearms       | 5 |  5.0
Dodging        | 5 |  5.0
Charms         | |  5.7

Action                   |  1- 3 |  4- 6 || total
-------------------------+-------+-------++-------
Melee: Spear             |    50 |   104 ||   154
       Bite              |     4 |    14 ||    18
       Punch             |       |     4 ||     4
 Cast: Shroud of Golubri |     3 |     9 ||    12
       Infusion          |     2 |       ||     2
       Regeneration      |     2 |     1 ||     3
       Spectral Weapon   |       |     7 ||     7
       Song of Slaying   |       |     1 ||     1
 Stab: Sleeping          |       |     1 ||     1
  Eat: Chunk             |       |     1 ||     1
Armor: Leather armour    |     3 |    13 ||    16
Dodge: Dodged            |    25 |    35 ||    60
